 Dungeon Crawl Stone Soup version 0.26-a0-651-gb41185065b (webtiles) character file.

Game seed: 9981218499858592933

99 Irenicus the Digger (level 4, -3/36 HPs)
             Began as a Deep Dwarf Earth Elementalist on Oct 4, 2020.
             Slain by Crazy Yiuf
             ... wielding a +4 quarterstaff of chaos
              (23 damage)
             ... on level 2 of the Dungeon.
             The game lasted 00:08:22 (1279 turns).

Irenicus the Digger (Deep Dwarf Earth Elementalist) Turns: 1279, Time: 00:08:22

Health: -3/36      AC:  4    Str: 12    XL:     4   Next: 45%
Magic:  4/6        EV: 12    Int: 16    God:
Gold:   86         SH:  0    Dex: 13    Spells: 3/6 levels left

rFire    . . .     SeeInvis .   i - +0 dagger
rCold    . . .     Faith    .   (no shield)
rNeg     . . .     Spirit   .   e - +0 leather armour
rPois    .         Reflect  .   (no helmet)
rElec    .         Harm     .   a - +0 cloak
rCorr    .         Rampage  .   (no gloves)
MR       .....                  (no boots)
Stlth    ++........             (no amulet)
HPRegen  0.00/turn              (no ring)
MPRegen  0.10/turn              (no ring)

@: non-regenerating
A: damage resistance, heal wounds, sense surroundings 1, no regeneration
a: Heal Wounds


You were on level 2 of the Dungeon.
You visited 1 branch of the dungeon, and saw 3 of its levels.

You collected 86 gold pieces.

Inventory:

Hand Weapons
 i - a +0 dagger (weapon)
   (You took it off a kobold on level 2 of the Dungeon)
Missiles
 b - 31 stones (quivered)
Armour
 a - a +0 cloak (worn)
   (You found it on level 3 of the Dungeon)
 c - a +0 robe
 e - a +0 leather armour (worn)
   (You found it on level 1 of the Dungeon)
Scrolls
 d - 2 scrolls of remove curse {unknown}
 f - 2 scrolls of magic mapping {unknown}
 g - a scroll of enchant weapon {unknown}
 h - 2 scrolls of identify {unknown}


   Skills:
 - Level 2.1 Dodging
 - Level 2.4 Stealth
 - Level 1.7 Spellcasting
 - Level 0.8 Transmutations
 + Level 7.0 Earth Magic


You had 3 spell levels left.
You knew the following spells:

 Your Spells              Type           Power        Failure   Level
a - Sandblast             Erth           ###...       1%          1
w - Passwall              Tmut/Erth      ##......     9%          2

Your spell library contained the following spells:

 Spells                   Type           Power        Failure   Level
 Stone Arrow              Conj/Erth      ##....       19%         3
 Lee's Rapid Deconstruct  Erth           ###.......   38%         5
 Petrify                  Tmut/Erth      ##......     47%         4


Dungeon Overview and Level Annotations

Branches:
Dungeon (3/15)

Altars:
Xom

Annotations:
D:2 Crazy Yiuf


Innate Abilities, Weirdness & Mutations

You are resistant to damage.
You can heal yourself by infusing magical energy.
You passively map a small area around you.
You do not regenerate.


Message History

You take 3 damage, and have 25/36 hp.
Press: ? - help, v - describe, . - travel
Here: an orc, wielding a +1 vorpal trident The floor.
Items here: )) [[.
The hobgoblin barely misses you.
There is an open door here.
Casting: Sandblast (safe; 1% risk of failure)
Confirm with . or Enter, or press ? or * to list all spells.
Aiming: Sandblast (safe; 1% risk of failure)
Press: ? - help, Shift-Dir - straight line, f/p - hobgoblin
Aim: a hobgoblin The blast of sand hits the hobgoblin!
You kill the hobgoblin!
b - 35 stones You now have 1/6 mp.
Casting: Sandblast (safe; 1% risk of failure)
Confirm with . or Enter, or press ? or * to list all spells.
Aiming: Sandblast (safe; 1% risk of failure)
Press: ? - help, Shift-Dir - straight line, f - orc
Aim: an orc, wielding a +1 vorpal trident The blast of sand hits the orc!
You kill the orc!
b - 34 stones You now have 0/6 mp.
You now have 76 gold pieces (gained 13).
You see here a +1 vorpal trident.
Press: ? - help, v - describe, . - travel The floor.
Press: ? - help, v - describe, . - travel, g - get item Item here: a +1 vorpal trident.
The floor.
Items here: )) [[.
You now have 86 gold pieces (gained 10).
a - a cloak You start putting on your armour.
You continue putting on your cloak. x4
You finish putting on your +0 cloak.
You open the door.
There is an open door here.
Found a stone staircase leading up.
There is an escape hatch in the ceiling here.
There is a stone staircase leading up here.
You climb upwards.
There is a stone staircase leading down here.
You climb downwards.
There is a stone staircase leading up here.
There is an escape hatch in the ceiling here.
A mysterious force pulls you upwards. The hatch slams shut behind you.
MP restored: 6
There is an open door here.
There is an open door here.
There is a stone staircase leading down here.
Casting: Sandblast (safe; 1% risk of failure)
Confirm with . or Enter, or press ? or * to list all spells.
Press: ? - help, Shift-Dir - straight line, f - fungus
Aim: a fungus The blast of sand hits the fungus!
The fungus begins to die.
The fungus is lightly damaged.
b - 33 stones You now have 5/6 mp.
Casting: Sandblast (safe; 1% risk of failure)
Confirm with . or Enter, or press ? or * to list all spells.
Okay, then.
You hit the fungus.
The fungus is lightly damaged.
You hit the fungus.
The fungus is lightly damaged.
You hit the fungus.
The fungus is lightly damaged.
You hit the fungus.
The fungus is lightly damaged.
A nearby fungus withers and dies.
You see here a runed mace.
Marking area around Crazy Yiuf as unsafe for travelling.
MP restored: 6
Press: ? - help, v - describe, . - travel
Here: Crazy Yiuf, wielding a +4 quarterstaff of chaos and wearing a +1 cloak (fire blocked by a runed translucent door)
The floor.
Unknown command.
You open the door.
Casting: Sandblast (safe; 1% risk of failure)
Confirm with . or Enter, or press ? or * to list all spells.
Aiming: Sandblast (safe; 1% risk of failure)
Press: ? - help, Shift-Dir - straight line, f - Crazy Yiuf
Aim: Crazy Yiuf, wielding a +4 quarterstaff of chaos and wearing a +1 cloak The blast of sand hits Crazy Yiuf!
Crazy Yiuf is moderately wounded.
b - 32 stones You now have 5/6 mp.
Casting: Sandblast (safe; 1% risk of failure)
Confirm with . or Enter, or press ? or * to list all spells.
Aiming: Sandblast (safe; 1% risk of failure)
Press: ? - help, Shift-Dir - straight line, f/p - Crazy Yiuf
Aim: Crazy Yiuf, wielding a +4 quarterstaff of chaos and wearing a +1 cloak (moderately wounded)
The blast of sand misses Crazy Yiuf.
b - 31 stones Crazy Yiuf hits you with a +4 quarterstaff of chaos.
Space warps horribly around you!!
Ouch! That really hurt!
You die...

.........##
#.# #.....[.
#.###.....#
### #.#.##..
#.# ##...##
#.#..... #.#
##.## #####
#.##.#.# ..#
#.# #..)#
#.##.#.# .##
#.# #).)#
#.#....# .#
##'## )))
#......# ##
##.>.## #g#
##...... #
##.....##
##@# #.....#
##.......#
#.## ##....#
###........#
##.#
#########†..
..+........#
#.##
#...........
###........#
##)##
#########...
##.......#
#..P## #....
##.....##
#.PPP# #>###
##...##
#....# #.#
##'##
#....##
##.###


You could see Crazy Yiuf.

Vanquished Creatures
  3 adders (D:2)
  4 worms (D:2)
  2 dart slugs (D:2)
  A leopard gecko (D:3)
  4 orcs (D:3)
  5 bats
  2 giant cockroaches
  3 hobgoblins
  6 jackals (D:1)
  7 kobolds
  A quokka (D:2)
  A frilled lizard (D:2)
  3 goblins
  9 rats
51 creatures vanquished.

Vanquished Creatures (others)
  A fungus (D:2)
1 creature vanquished.

Grand Total: 52 creatures vanquished

Notes
Turn   | Place    | Note
-------+----------+-------------------------------------------
     0 | D:1      | Irenicus the Deep Dwarf Earth Elementalist began the quest
                  | for the Orb.
     0 | D:1      | Reached XP level 1. HP: 15/15 MP: 3/3
   202 | D:1      | Reached XP level 2. HP: 16/22 MP: 0/4
   313 | D:1      | Reached skill level 5 in Earth Magic
   431 | D:2      | Reached XP level 3. HP: 17/28 MP: 0/5
   464 | D:2      | HP: 3/28 [worm (5)]
   687 | D:2      | Reached skill level 6 in Earth Magic
   816 | D:2      | Reached XP level 4. HP: 29/36 MP: 1/6
   847 | D:2      | Learned a level 2 spell: Passwall
   899 | D:2      | Found a shimmering altar of Xom.
  1136 | D:3      | Reached skill level 7 in Earth Magic
  1273 | D:2      | Found a runed translucent door.
  1274 | D:2      | Noticed Crazy Yiuf
  1279 | D:2      | Slain by Crazy Yiuf

Illustrated notes

Levels and vault maps discovered:
D:1:      giann_bridges, layout_loops_cross
D:2:      layout_loops_corners, xom_butterflies, uniq_crazy_yiuf_cottage
D:3:      layout_basic, lemuel_coloured_pillars_altar, uniq_jessica

Skill      XL: |  1  2  3  4 |
---------------+-------------+-----
Earth Magic    | 5 6 7 |  7.0
Dodging        | |  2.1
Stealth        | |  2.4
Spellcasting   | |  1.7
Transmutations | |  0.8

Action                   |  1- 3 |  4- 6 || total
-------------------------+-------+-------++-------
Melee: Unarmed           |     2 |       ||     2
       Club              |    11 |       ||    11
       Dagger            |    20 |    12 ||    32
 Cast: Sandblast         |    44 |    27 ||    71
       Passwall          |       |     1 ||     1
  Use: Potion            |     4 |       ||     4
Armor: Leather armour    |    19 |     4 ||    23
       Skin              |     1 |       ||     1
Dodge: Dodged            |    39 |    13 ||    52

Table legend: (Time is in decaauts)
 A = Elapsed time spent in this place.
 B = Non-inter-level travel time spent in this place.
 C = Inter-level travel time spent in this place.
 D = Time resting spent in this place.
 E = Time spent auto-exploring this place.
 F = Levels seen in this place.
 G = Mean time per level.
                   A        B        C        D        E       F      G
               +--------+--------+--------+--------+--------+-----+--------+
         Total |   1282 |   1282 |      0 |     37 |      0 |   3 |  427.3 |
       Dungeon |   1282 |   1282 |      0 |     37 |      0 |   3 |  427.3 |
               +--------+--------+--------+--------+--------+-----+--------+

Top non-repeatable levels by time:
     D:2: 759 daAuts
     D:1: 391 daAuts
     D:3: 131 daAuts

Table legend:
 A = Kills in this place as a percentage of kills in entire the game.
 B = Kills by you in this place as a percentage of kills by you in the entire game.
 C = Kills by friends in this place as a percentage of kills by friends in the entire game.
 D = Other kills in this place as a percentage of other kills in the entire game.
 E = Experience gained in this place as a percentage of experience gained in the entire game.
 F = Experience gained in this place divided by the number of levels of this place that you have seen.
                   A       B       C       D       E      F
               +-------+-------+-------+-------+-------+----------------------
         Total | 100.0 | 100.0 |   N/A |   N/A | 100.0 |  47.3
       Dungeon | 100.0 | 100.0 |   N/A |   N/A | 100.0 |  47.3
               +-------+-------+-------+-------+-------+----------------------
